 Dungeon Crawl Stone Soup version 0.28.0 (webtiles) character file.

Game seed: 8690321225136801972

3194 theElss the Fighter (level 9, -7/88 HPs)
             Began as a Gargoyle Berserker on Feb 18, 2022.
             Was a Believer of Trog.
             Mangled by an orc warrior (10 damage)
             ... on level 7 of the Dungeon.
             The game lasted 00:17:54 (6954 turns).

theElss the Fighter (Gargoyle Berserker)            Turns: 6954, Time: 00:17:55

Health: -7/88      AC: 19    Str: 23    XL:     9   Next: 96%
Magic:  0/9        EV: 12    Int:  8    God:    Trog [**....]
Gold:   138        SH:  0    Dex: 14    Spells: 8/8 levels left

rFire   . . .      SeeInvis .   a - +0 mace
rCold   . . .      Faith    .   (no shield)
rNeg    + . .      Spirit   +   t - +0 scale mail
rPois   ∞          Reflect  .   g - +0 helmet
rElec   +          Harm     .   (no cloak)
rCorr   .          Rampage  .   f - +2 pair of gloves {Dex+3}
Will    ++...                   (no boots)
Stlth   ..........              k - amulet of guardian spirit
HPRegen 1.24/turn               (no ring)
MPRegen 0.11/turn               (no ring)

@: berserking, strong-willed, regenerating, very quick
A: sickness immunity, AC +6, negative energy resistance 1, electricity
resistance, torment resistance 1, petrification resistance
a: Renounce Religion, Berserk, Trog's Hand


You were on level 7 of the Dungeon.
You worshipped Trog.
Trog was pleased with you.
You visited 1 branch of the dungeon, and saw 9 of its levels.

You collected 336 gold pieces.
You spent 198 gold pieces at shops.

Inventory:

Hand Weapons
 a - a +0 mace (weapon)
 b - a +2 whip of electrocution
Armour
 f - a +2 pair of gloves of dexterity (worn)
 g - a +0 helmet (worn)
 t - a +0 scale mail (worn)
Jewellery
 k - an amulet of guardian spirit (around neck)
Wands
 u - a wand of flame (15)
Scrolls
 c - 10 scrolls of identify
 d - 2 scrolls of summoning
 e - 3 scrolls of vulnerability {unknown}
 h - 2 scrolls of torment {unknown}
 j - a scroll of amnesia {unknown}
 l - a scroll of fog
 m - 2 scrolls of immolation {unknown}
 n - a scroll of blinking {unknown}
 p - 2 scrolls of enchant weapon {unknown}
 q - 2 scrolls of teleportation
Potions
 i - 3 potions of heal wounds
 o - a potion of brilliance
 r - a potion of lignification
 s - a potion of invisibility
 v - 2 potions of degeneration
 w - a potion of attraction
 x - a potion of haste
 z - a potion of flight {unknown}


   Skills:
 + Level 8.2 Fighting
 + Level 7.4 Maces & Flails
 + Level 7.8 Armour
 + Level 5.9 Dodging


You had 8 spell levels left.
You didn't know any spells.
Your spell library was empty.

Dungeon Overview and Level Annotations

Branches:
Dungeon (9/15)
 Temple: D:4-7         Lair: D:8-11         Orc: D:9-12

Altars:
Dithmenos
Elyvilon
Hepliaklqana
Kikubaaqudgha
Makhleb
Okawaru
Qazlal
Zin

Shops:
D:1 *   D:6 (([?!


Innate Abilities, Weirdness & Mutations

You are immune to sickness and miasma.
Your stone body is resilient. (AC +6)
You are immune to poison.
You resist negative energy. (rN+)
You are resistant to electric shocks. (rElec)
You are resistant to unholy torment.
You are immune to petrification.


Message History

You hit the orc warrior but do no damage.
The orc warrior hits you with a +0 war axe.
* * * LOW HITPOINT WARNING * * *
Unknown command.
Your skin crawls.
You feel strong-willed. The orc warrior closely misses you.
Unknown command.
You barely miss the orc warrior.
An orc wizard appears from thin air!
Reactivating autopickup.
The orc warrior hits you with a +0 war axe!
* * * LOW HITPOINT WARNING * * *
A red film seems to cover your vision as you go berserk!
You feel yourself moving faster!
You feel mighty! The orc warrior closely misses you.
Unknown command.
You hit the orc warrior. Your punch misses the orc warrior.
The orc warrior is lightly wounded.
The orc warrior completely misses you.
You closely miss the orc warrior. You punch the orc warrior.
The orc warrior is moderately wounded.
You closely miss the orc warrior.
The orc warrior is moderately wounded.
The orc warrior hits you with a +0 war axe.
* * * LOW HITPOINT WARNING * * *
You sock the orc warrior!
The orc warrior is almost dead.
The orc warrior hits you with a +0 war axe.
* * * LOW HITPOINT WARNING * * *
You completely miss the orc warrior.
The orc warrior is almost dead.
The orc warrior hits you with a +0 war axe!
* * * LOW HITPOINT WARNING * * *
You closely miss the orc warrior.
The orc warrior is almost dead.
Unknown command.
You hit the orc warrior.
The orc warrior is almost dead.
The orc warrior hits you with a +0 war axe!
You die...

########
##.....{###
##......ooo###
##....#####5o@#
##...### #####
##...## ##...##
....## ...##
...# ..## ###


You could see an orc warrior, an orc priest, an orc wizard, a white imp and an
orc.

Vanquished Creatures
  A two-headed ogre (D:8)
  Pikel (D:5)
  2 wraiths
  Menkaure (D:6)
  A water moccasin (D:9)
  An ice beast (D:5)
  2 black bears
  An ogre (D:4)
  A centaur (D:8)
  2 lemures
  2 kobold brigands
  A bullfrog (D:9)
  A wyvern skeleton (D:7)
  2 scorpions (D:6)
  A howler monkey (D:3)
  A crimson imp (D:6)
  2 bullfrog zombies
  5 hounds
  A jelly (D:6)
  A centaur skeleton (D:6)
  3 orc priests
  An iguana (D:6)
  4 orc wizards
  A hound zombie (D:5)
  3 gnolls (D:2)
  5 adders
  A shadow imp (D:6)
  4 ufetubi
  A worm (D:2)
  3 dart slugs
  25 orcs
  4 bats
  9 endoplasms
  3 giant cockroaches
  6 hobgoblins
  3 jackals (D:4)
  22 kobolds
  A quokka (D:1)
  7 ball pythons
  A frilled lizard (D:3)
  4 goblins
  A jackal skeleton (D:4)
  6 rats
148 creatures vanquished.

Vanquished Creatures (others)
  A lemure (D:5)
1 creature vanquished.

Grand Total: 149 creatures vanquished

Notes
Turn   | Place    | Note
-------+----------+-------------------------------------------
     0 | D:1      | theElss the Gargoyle Berserker began the quest for the Orb.
     0 | D:1      | Reached XP level 1. HP: 14/14 MP: 1/1
   449 | D:1      | Reached XP level 2. HP: 19/19 MP: 2/2
   822 | D:1      | Found Jialato's Assorted Antiques.
   848 | D:1      | Reached XP level 3. HP: 18/23 MP: 3/3
  1108 | D:1      | Found a faded altar of an unknown god.
  1559 | D:2      | Reached XP level 4. HP: 18/29 MP: 4/4
  1567 | D:2      | Reached skill level 4 in Fighting
  1809 | D:2      | Found the +1 Delatra's gloves {ID++}
  2185 | D:3      | Reached ** piety under Trog
  2531 | D:3      | Reached XP level 5. HP: 33/33 MP: 3/5
  2990 | D:4      | Noticed an ogre
  2999 | D:4      | Killed an ogre
  3000 | D:4      | Reached XP level 6. HP: 39/39 MP: 6/6
  3038 | D:4      | Identified the +1 ring mail of the Snail {rN+ rCorr Str+4
                  | Int-3}
  3205 | D:4      | Found a white marble altar of Elyvilon.
  3434 | D:5      | Entered Level 5 of the Dungeon
  3611 | D:5      | Found a stormy altar of Qazlal.
  3765 | D:5      | Noticed an ice beast
  3800 | D:6      | Reached skill level 5 in Fighting
  4071 | D:6      | Found Rogom's Distillery.
  4080 | D:6      | You fall into a shaft and drop 3 floors!
  4080 | D:9      | Noticed a wraith
  4080 | D:9      | Noticed a water moccasin
  4090 | D:9      | Killed a wraith
  4091 | D:9      | Reached XP level 7. HP: 44/44 MP: 7/7
  4170 | D:9      | Reached skill level 5 in Maces & Flails
  4170 | D:9      | Reached skill level 5 in Armour
  4323 | D:8      | Reached XP level 8. HP: 51/51 MP: 8/8
  4442 | D:8      | Reached skill level 6 in Fighting
  4495 | D:8      | Noticed a two-headed ogre
  4497 | D:8      | Found an iron altar of Okawaru.
  4513 | D:8      | Killed a two-headed ogre
  4517 | D:8      | Reached XP level 9. HP: 23/56 MP: 1/9
  4522 | D:8      | Reached skill level 7 in Fighting
  5127 | D:6      | Found Juva Jig's Magic Scroll Shoppe.
  5141 | D:6      | Reached skill level 5 in Dodging
  5147 | D:6      | Bought a scroll of summoning for 114 gold pieces
  5147 | D:6      | Bought a scroll of fog for 24 gold pieces
  5147 | D:6      | Bought a scroll of teleportation for 36 gold pieces
  5147 | D:6      | Bought a scroll of identify for 24 gold pieces
  5264 | D:6      | Noticed Menkaure
  5273 | D:6      | Killed Menkaure
  5386 | D:6      | Found a glowing silver altar of Zin.
  5419 | D:6      | Found Dephit's Armour Boutique.
  5465 | D:6      | Reached *** piety under Trog
  5477 | D:6      | Found Aczirato's Antique Weapon Shop.
  6119 | D:6      | Found Ymostrei's Antique Weapon Emporium.
  6245 | D:6      | Found a burning altar of Makhleb.
  6325 | D:5      | Found a shadowy altar of Dithmenos.
  6399 | D:5      | Found an ancient bone altar of Kikubaaqudgha.
  6432 | D:5      | Found a hazy altar of Hepliaklqana.
  6455 | D:5      | Noticed Pikel
  6468 | D:5      | Killed Pikel
  6469 | D:5      | Reached skill level 8 in Fighting
  6952 | D:7      | HP: 2/88 [orc warrior (8)]
  6954 | D:7      | Mangled by an orc warrior

Illustrated notes

Levels and vault maps discovered:
D:1:      minmay_arrival_radiant_lines, layout_basic, serial_shops, shop,
          ebering_ecumenical_altar_hall
D:2:      layout_basic
D:3:      layout_rooms
D:4:      layout_cave_pools, elyvilon_altar_5, kennysheep_big_empty_room,
          st_stairs_5
D:5:      layout_gridville, nicolae_dithmenos_through_a_glass_darkly,
          mainiacjoe_overflow_catwalk, nicolae_overflow_crystal_walls,
          nicolae_qazlal_scattered_showers, uniq_pikel
D:6:      layout_layer_cave, makhleb_grotto_becter,
          mainiacjoe_overflow_alcove_4, serial_shops, shop,
          nicolae_shop_waterfront, nicolae_shop_crystal, shop, shop,
          uniq_menkaure
D:7:      layout_layer_cave, minmay_temple_entry_butterflies,
          hangedman_decor_clover_reticule
D:8:      layout_basic, mainiacjoe_overflow_alcove_2
D:9:      layout_long_grid, mainiacjoe_overflow_six_doors_small,
          gammafunk_temple_overflow_claw, erik_lair_dragon, orc_0_dummy,
          uniq_psyche, uniq_joseph

Skill      XL: |  1  2  3  4  5  6  7  8  9 |
---------------+----------------------------+-----
Dodging        | 2 3 4 5 |  5.9
Armour         | 3 4 5 6 7 |  7.8
Fighting       | 4 5 6 8 |  8.2
Maces & Flails | 4 5 6 7 |  7.4

Action                   |  1- 3 |  4- 6 |  7- 9 || total
-------------------------+-------+-------+-------++-------
Melee: Mace              |   103 |   211 |   334 ||   648
       Punch             |     1 |       |     3 ||     4
Invok: Berserk           |     2 |     9 |     8 ||    19
       Trog's Hand       |       |       |     3 ||     3
  Use: Scroll            |       |     1 |     7 ||     8
       Potion            |       |       |     1 ||     1
Armor: Leather armour    |    53 |   152 |    93 ||   298
       Animal skin       |     1 |       |       ||     1
       Scale mail        |       |       |   113 ||   113
Dodge: Dodged            |    78 |   214 |   228 ||   520
